 Dungeon Crawl Stone Soup version 0.26.0-3-g156281e41b (webtiles) character file.

Game seed: 9660549737935942187

4589 EnegeticOcto the Cleaver (level 10, -5/92 HPs)
             Began as a Deep Dwarf Fighter on Jan 9, 2021.
             Was a Follower of Makhleb.
             Slain by a shadow wraith (14 damage)
             ... on level 1 of the Abyss.
             The game lasted 00:04:25 (5326 turns).

EnegeticOcto the Cleaver (Deep Dwarf Fighter)       Turns: 5326, Time: 00:04:26

Health: -5/92      AC: 18    Str: 23    XL:     10   Next: 18%
Magic:  4/4        EV:  5    Int:  9    God:    Makhleb [*.....]
Gold:   538        SH: 16    Dex: 12    Spells: 9/9 levels left

rFire    . . .     SeeInvis .   a - +0 broad axe
rCold    . . .     Faith    .   c - +0 kite shield
rNeg     . . .     Spirit   .   j - +0 plate armour
rPois    .         Reflect  +   q - +1 hat
rElec    .         Harm     .   n - +0 cloak
rCorr    .         Rampage  .   l - +1 pair of gloves
Will     +....                  (no boots)
Stlth    ..........             x - amulet of reflection
HPRegen  0.00/turn              (no ring)
MPRegen  0.09/turn              (no ring)

@: non-regenerating, slowed, very slow
A: damage resistance, heal wounds, sense surroundings 2, no regeneration
a: Heal Wounds, Renounce Religion


You were on level 1 of the Abyss.
You worshipped Makhleb.
Makhleb was aware of your devotion.
You visited 2 branches of the dungeon, and saw 11 of its levels.
You visited the Abyss 1 time.

You collected 538 gold pieces.

Inventory:

Hand Weapons
 a - a +0 broad axe (weapon)
 A - a +0 war axe of freezing
Missiles
 g - 2 throwing nets
Armour
 c - a +0 kite shield (worn)
 j - a +0 plate armour (worn)
 l - a +1 pair of gloves (worn)
 n - a +0 cloak (worn)
 q - a +1 hat (worn)
Jewellery
 x - an amulet of reflection (around neck)
Scrolls
 b - a scroll of remove curse {@r2}
 o - 2 scrolls of blinking {@r4}
 r - 4 scrolls of enchant armour
 w - 4 scrolls of teleportation {@r3}
 y - a scroll of fog
Potions
 d - 3 potions of might {@q3}
 e - 3 potions of curing {@q1}
 f - a potion of lignification
 h - 2 potions of heal wounds {@q2}
 k - a potion of attraction
 m - 3 potions of cancellation
 p - 2 potions of magic
 s - 3 potions of brilliance
 u - a potion of flight
 v - 2 potions of invisibility
 z - a potion of degeneration {unknown}


   Skills:
 + Level 6.5 Fighting
 * Level 10.2 Axes
 + Level 7.8 Armour
 + Level 7.8 Shields
 + Level 4.7 Invocations


You had 9 spell levels left.
You didn't know any spells.
Your spell library was empty.

Dungeon Overview and Level Annotations

Branches:
Dungeon (10/15)            Temple (1/1) D:7             Orc (0/2) D:10
   Lair: D:8-11

Altars:
Ashenzari
Elyvilon
Fedhas
Gozag
Makhleb
Nemelex Xobeh
Okawaru
Uskayaw
Vehumet
Wu Jian
Yredelemnul

Shops:
D:10 [

Annotations:
D:4 2 transporters
D:6 exclusion: oklob plant
D:10 Sonja


Innate Abilities, Weirdness & Mutations

You are resistant to damage.
You can heal yourself by infusing magical energy.
You passively map the area around you.
You do not regenerate.


Message History

The blast of flame hits you!! You block the hell hound's attack.
You closely miss the hell hound.
The hell hound is moderately wounded.
You block the hell hound's attack. x2
You hit the hell hound.
The hell hound is heavily wounded.
You block the hell hound's attack. x2
You barely miss the hell hound.
The hell hound is heavily wounded.
You block the hell hound's attack. x2
Your plate armour prevents you from hitting the hell hound.
The hell hound is heavily wounded.
You block the hell hound's attack. x2
You slash the hell hound!
The hell hound is severely wounded.
The hell hound pauses to sniff the ground.
The hell hound breathes flames at you. The blast of flame hits you!
You block the hell hound's attack.
You hit the hell hound.
The hell hound is almost dead.
You block the hell hound's attack.
The hell hound bites you but does no damage.
You slash the hell hound!
You kill the hell hound!
Makhleb accepts your kill. You block something's attack.
Deactivating autopickup; reactivate with Ctrl-A.
No target in view!
No target in view!
No target in view!
No target in view!
No target in view!
No target in view!
No target in view!
No target in view!
No target in view!
No target in view!
No target in view!
No target in view!
No target in view!
No target in view!
No target in view!
No target in view!
No target in view!
You closely miss something. Something hits you but does no damage.
You closely miss something. Something hits you but does no damage.
No target in view!
Your magical essence is drained by the effort!
You feel much better. Something hits you but does no damage.
No target in view!
No target in view!
No target in view!
No target in view!
No target in view!
No target in view!
No target in view!
No target in view!
No target in view!
No target in view!
No target in view!
No target in view!
No target in view!
No target in view!
Your plate armour prevents you from hitting something.
Something hits you. Something completely misses you.
You closely miss something. Something hits you.
You slash something! Something hits you but does no damage.
You slash something! Something hits you but does no damage.
You barely miss something. You block something's attack.
You closely miss something.
Something hits you but does no damage. x2
You slash something! Something hits you but does no damage.
You miss something. Something hits you but does no damage.
You closely miss something. Something hits you.
You miss something. Something hits you. Something drains your vigour!
You feel yourself slow down. Something hits you!
You closely miss something. Something hits you but does no damage.
You block something's attack.
You slash something! Something hits you! Something drains your vigour!
You feel as though you will be slow longer.
You miss something. You block something's attack. x2
You slash something! Something hits you but does no damage.
Something hits you!!
* * * LOW HITPOINT WARNING * * *
Something drains your vigour!
You feel as though you will be slow longer.
You barely miss something. Something completely misses you.
Something hits you but does no damage.
You closely miss something. Something hits you!
* * * LOW HITPOINT WARNING * * *
You block something's attack.
You hit something.
Something hits you but does no damage. x2
You closely miss something. Something hits you but does no damage.
Something hits you!
* * * LOW HITPOINT WARNING * * *
Something drains your vigour!
You feel as though you will be slow longer.
You hit something but do no damage. You block something's attack.
Something hits you but does no damage.
You hit something but do no damage. Something hits you!
You die...

#.#.######
......{#.#
#@## ##.#
. ##.###
.# # #
.#.. # #.
#. #. .#
...# #..
.## ..# #
...
.....#.# .
. .... . .
. .. # ..
##... ..


There were no monsters in sight!

Vanquished Creatures
  Harold (D:8)
  An orange demon (Abyss:1)
  Prince Ribbit (D:7)
  A blink frog (Abyss:1)
  A shadow (Abyss:1)
  A hell hound (Abyss:1)
  3 ice beasts
  3 orc warriors
  A sky beast (D:8)
  A black bear (D:7)
  A necrophage (D:8)
  A phantom (D:4)
  2 ogres
  A centaur (D:6)
  5 bullfrogs
  A water moccasin zombie (D:6)
  A wyvern skeleton (D:9)
  9 killer bees
  A howler monkey (D:4)
  2 jellies
  2 bullfrog zombies
  2 hounds
  5 orc wizards
  2 orc priests (D:3)
  A bullfrog skeleton (D:7)
  A centaur skeleton (D:9)
  An iguana (D:3)
  4 worker ants
  A hound skeleton (D:3)
  A hound zombie (D:9)
  3 gnolls (D:5)
  9 adders
  A shadow imp (D:6)
  4 white imps
  An ufetubus (D:7)
  An adder zombie (D:7)
  2 worms
  6 dart slugs
  4 leopard geckos
  40 orcs
  9 giant cockroaches
  8 goblins
  2 hobgoblins
  4 jackals (D:4)
  4 kobolds
  4 quokkas
  3 ball pythons
  4 bats (D:1)
  7 frilled lizards
  A leopard gecko skeleton (D:4)
  A quokka skeleton (D:6)
  3 rats (D:3)
179 creatures vanquished.

Vanquished Creatures (collateral kills)
  An adder (D:5)
1 creature vanquished.

Vanquished Creatures (others)
  A plant (D:6)
1 creature vanquished.

Grand Total: 181 creatures vanquished

Notes
Turn   | Place    | Note
-------+----------+-------------------------------------------
     0 | D:1      | EnegeticOcto the Deep Dwarf Fighter began the quest for the
                  | Orb.
     0 | D:1      | Reached XP level 1. HP: 20/20 MP: 1/1
    47 | D:1      | Reached XP level 2. HP: 18/27 MP: 2/2
   267 | D:1      | Found a broken altar of Ashenzari.
   338 | D:1      | Reached skill level 3 in Axes
   368 | D:1      | Reached XP level 3. HP: 33/33 MP: 3/3
   735 | D:3      | Reached XP level 4. HP: 38/42 MP: 4/4
  1102 | D:3      | Reached skill level 4 in Axes
  1121 | D:3      | Reached XP level 5. HP: 37/49 MP: 5/5
  1353 | D:4      | Reached XP level 6. HP: 42/57 MP: 6/6
  1386 | D:4      | Reached skill level 5 in Axes
  1450 | D:4      | Found a transporter.
  1452 | D:4      | Found a transporter.
  2025 | D:5      | Entered Level 5 of the Dungeon
  2106 | D:5      | Reached XP level 7. HP: 32/64 MP: 6/6
  2506 | D:6      | Reached skill level 5 in Armour
  2506 | D:6      | Reached skill level 5 in Shields
  2532 | D:6      | Reached skill level 6 in Axes
  2563 | D:6      | Found a sparkling altar of Nemelex Xobeh.
  2608 | D:6      | Found a hide-covered altar of Uskayaw.
  2608 | D:6      | Noticed an oklob plant
  2737 | D:6      | Reached XP level 8. HP: 47/73 MP: 6/6
  3008 | D:7      | Reached skill level 7 in Axes
  3049 | D:7      | Reached skill level 5 in Fighting
  3371 | D:7      | Noticed Prince Ribbit
  3383 | D:7      | Killed Prince Ribbit
  3384 | D:7      | Reached skill level 8 in Axes
  3592 | D:7      | Found a staircase to the Ecumenical Temple.
  3721 | Temple   | Entered the Ecumenical Temple
  3726 | Temple   | Became a worshipper of Makhleb the Destroyer
  3761 | D:8      | Gained mutation: You passively map the area around you.
                  | [Deep Dwarf growth]
  3761 | D:8      | Reached XP level 9. HP: 61/81 MP: 5/5
  3821 | D:8      | Noticed Harold
  3834 | D:8      | Reached skill level 1 in Invocations
  3858 | D:8      | Killed Harold
  3859 | D:8      | Reached skill level 9 in Axes
  4136 | D:8      | Found the +2 robe of Vines {NoPotionHeal Regen+7}
  5127 | D:10     | Entered Level 10 of the Dungeon
  5127 | D:10     | Found Opnaalod's Antique Armour Shop.
  5127 | D:10     | Noticed Sonja
  5138 | D:10     | Cast into level 1 of the Abyss (Sonja)
  5148 | Abyss:1  | Found a corrupted altar of Lugonu.
  5172 | Abyss:1  | Noticed an orange demon
  5187 | Abyss:1  | Killed an orange demon
  5188 | Abyss:1  | Reached skill level 10 in Axes
  5188 | Abyss:1  | Reached XP level 10. HP: 92/92 MP: 5/5
  5199 | Abyss:1  | Found a corrupted altar of Lugonu.
  5278 | Abyss:1  | Reached * piety under Makhleb
  5326 | Abyss:1  | Slain by a shadow wraith

Illustrated notes

Levels and vault maps discovered:
D:1:      lightli_arrival_flooded_house, layout_basic, hex_medium,
          evilmike_ruin_ashenzari
D:2:      layout_basic, chequers_ecumenical_altar_simple
D:3:      layout_loops_corners, grunt_ministairs_7
D:4:      gammafunk_wand_slinger, layout_basic, minmay_misc_feat_encased
D:5:      layout_rooms
D:6:      layout_basic, nemelex_xobeh_ov_fountains_minmay, lemuel_oklob_altar
D:7:      layout_loops_cross, temple_fountains, uniq_prince_ribbit1
D:8:      layout_gridville, uniq_harold
D:9:      layout_irregular_city
D:10:     minmay_twisted_water, layout_long_grid, serial_shops, shop_statue,
          shop, shop, nicolae_shop_waterfront, uniq_sonja
Temple:   grunt_wide_crystal_templ
Abyss:1:  base:
D:1

Skill      XL: |  1  2  3  4  5  6  7  8  9 |
---------------+----------------------------+-----
Axes           | 3 4 5 6 8 10 | 10.2
Fighting       | 3 4 5 6 |  6.5
Shields        | 4 5 6 7 |  7.8
Armour         | 4 5 6 7 |  7.8
Invocations    | 4 |  4.7

Action                   |  1- 3 |  4- 6 |  7- 9 | 10-12 || total
-------------------------+-------+-------+-------+-------++-------
Melee: War axe           |    91 |   218 |   359 |       ||   668
       Broad axe         |       |       |    14 |    50 ||    64
 Abil: Heal Wounds       |     1 |     4 |    27 |     1 ||    33
  Use: Scroll            |       |     6 |    15 |       ||    21
Armor: Scale mail        |    49 |   105 |    33 |       ||   187
       Plate armour      |       |       |   234 |    19 ||   253
Dodge: Dodged            |    28 |    64 |   117 |     6 ||   215
Block: Kite shield       |    58 |   117 |   285 |    32 ||   492
       Reflection        |       |       |     4 |       ||     4
